 Dungeon Crawl Stone Soup version 0.30.0-29-ga12c61a403 (webtiles) character file.

Game seed: 14060415762010475652

1425 cdecastro the Grappler (level 8, -1/78 HPs)
             Began as a Troll Fighter on June 6, 2023.
             Slain by an ogre
             ... wielding a +0 giant spiked club
              (34 damage)
             ... on level 6 of the Dungeon.
             The game lasted 00:06:09 (3497 turns).

cdecastro the Grappler (Troll Fighter)              Turns: 3497, Time: 00:06:09

Health: -1/78      AC:  4    Str: 25    XL:     8   Next: 44%
Magic:  7/7        EV:  8    Int:  6    God:
Gold:   257        SH:  7    Dex:  9    Spells: 7/7 levels left

rFire   + .          .
                       - Unarmed
rCold   . . .        b - +0 kite shield
rNeg    . . .        a - +0 robe
rPois   .            (helmet restricted)
rElec   .            (no cloak)
rCorr   +            (gloves unavailable)
SInv    .            (boots unavailable)
Will    .....        (no amulet)
Stlth   +            s - ring of protection from fire
HPRegen 1.13/turn    y - ring of resist corrosion
MPRegen 0.10/turn

%: no passive effects
@: no status effects
A: large, unfitting armour, claws 3, regeneration 1, shaggy fur 1, tough skin 1
a: no special abilities


You were on level 6 of the Dungeon.
You visited 1 branch of the dungeon, and saw 6 of its levels.

You collected 257 gold pieces.

Inventory:

Missiles
 c - 3 curare-tipped darts
 m - 5 poisoned darts (quivered)
 n - 8 boomerangs
 v - 7 large rocks
Armour
 a - a +0 robe (worn)
 b - a +0 kite shield (worn)
Magical Staves
 p - a staff of conjuration
 B - a staff of air
Jewellery
 s - a ring of protection from fire (left claw)
 u - a ring of flight
 x - a ring of see invisible
 y - a ring of resist corrosion (right claw)
 F - a ring of positive energy
Wands
 C - a wand of polymorph (5)
Scrolls
 e - 4 scrolls of identify {unknown}
 h - a scroll of teleportation {unknown}
 i - 2 scrolls of blinking {unknown}
 k - 3 scrolls of immolation {unknown}
 o - a scroll of fog {unknown}
 q - a scroll of summoning {unknown}
 z - a scroll of vulnerability {unknown}
 A - a scroll of enchant weapon {unknown}
 G - a scroll of enchant armour {unknown}
Potions
 d - a potion of ambrosia {unknown}
 f - 3 potions of flight {unknown}
 g - a potion of haste {unknown}
 j - a potion of cancellation {unknown}
 l - 2 potions of mutation {unknown}
 r - a potion of attraction {unknown}
 t - a potion of might
 w - 3 potions of magic {unknown}
 D - a potion of curing {unknown}
 E - a potion of resistance {unknown}


   Skills:
 + Level 4.0 Fighting
 - Level 2.4 Dodging
 - Level 2.6 Shields
 - Level 10.0 Unarmed Combat


You had 7 spell levels left.
You didn't know any spells.
Your spell library contained the following spells:

 Spells                   Type           Power      Damage    Failure   Level
 Apportation              Tloc           0%         N/A       71%         1
 Beastly Appendage        Tmut           0%         N/A       71%         1
 Sandblast                Erth           0%         2d4       71%         1
 Ensorcelled Hibernation  Hex/Ice        0%         N/A       85%         2
 Passwall                 Tmut/Erth      0%         N/A       85%         2
 Poisonous Vapours        Pois/Air       0%         N/A       85%         2
 Static Discharge         Conj/Air       0%         2-2/arc   85%         2
 Wereblood                Tmut           0%         N/A       85%         2
 Mephitic Cloud           Conj/Pois/Air  0%         N/A       97%         3
 Spider Form              Tmut/Pois      0%         N/A       97%         3
 Stone Arrow              Conj/Erth      0%         3d7       97%         3
 Airstrike                Air            0%         2d(0-16)  100%        4
 Anguish                  Hex/Necr       0%         N/A       100%        4
 Summon Lightning Spire   Summ/Air       0%         N/A       100%        4
 Alistair's Intoxication  Tmut/Pois      0%         N/A       100%        5
 Freezing Cloud           Conj/Ice/Air   0%         6-21      100%        5


Dungeon Overview and Level Annotations

Branches:
Dungeon (6/15)
 Temple: D:4-7

Altars:
Sif Muna
The Shining One

Annotations:
D:1 vault need dig


Innate Abilities, Weirdness & Mutations

You are too large for most types of armour.
You have claws for hands.
Your natural rate of healing is unusually fast.
You are covered in fur. (AC +1)
You have tough skin. (AC +1)


Message History

The sky beast hits you but does no damage.
You barely miss the sky beast. You block the sky beast's attack.
You mangle the sky beast!!
You kill the sky beast!
You see here a sky beast corpse.
F - a ring of positive energy
G - a scroll labelled GAOJUM HANWYAM
Found a stone staircase leading down.
A hound comes into view.
A hound is nearby!
The hound barks!
You block the hound's attack.
You mangle the hound!!
You kill the hound!
Your Fighting skill increases to level 4!
No target in view!
No target in view!
No target in view!
You see here a hound corpse.
An ogre comes into view. It is wielding a +0 giant spiked club.
An ogre is nearby!
An ogre is nearby!
An ogre is nearby!
The ogre shouts!
The ogre hits you with a +0 giant spiked club!!
You are too injured to fight recklessly!
You are too injured to fight recklessly!
You are too injured to fight recklessly!
You are too injured to fight recklessly!
You are too injured to fight recklessly!
You scratch the ogre.
The ogre is lightly wounded.
The ogre hits you with a +0 giant spiked club!!
* * * LOW HITPOINT WARNING * * *
You claw the ogre!
The ogre is heavily wounded.
You barely miss the ogre.
The ogre is heavily wounded.
The ogre hits you with a +0 giant spiked club!!
You die...

.# .. ..# ... # ..##.# #.
....######. ..##.............
...⌠.........#. .
##O..........#.. ### ..
#..@.........#.## ..# .##
#..##............. #.###..##
....##...#.........#
#.......##.⌠.##...†..........####
.........#...#...................
.............................####
...........##...............>...#
...........###....###...#.#.###.#
...........###....# #..##.#.#.#.#


You could see an ogre.

Vanquished Creatures
  A water moccasin (D:3)
  An orc warrior (D:5)
  2 black bears
  2 sky beasts
  2 phantoms
  2 scorpions (D:5)
  A howler monkey (D:4)
  An orc priest (D:4)
  5 hounds
  3 orc wizards
  5 iguanas
  4 adders
  A shadow imp (D:6)
  2 white imps (D:5)
  5 worms
  2 dart slugs (D:1)
  18 orcs
  5 endoplasms
  3 giant cockroaches (D:1)
  7 goblins
  6 hobgoblins
  3 jackals (D:3)
  6 kobolds
  4 quokkas
  7 ball pythons
  6 bats
  A frilled lizard (D:3)
  5 rats
110 creatures vanquished.

Notes
Turn   | Place    | Note
-------+----------+-------------------------------------------
     0 | D:1      | cdecastro the Troll Fighter began the quest for the Orb.
     0 | D:1      | Reached XP level 1. HP: 22/22 MP: 0/0
   128 | D:1      | Reached XP level 2. HP: 29/29 MP: 1/1
   178 | D:1      | You fall into a shaft and drop 1 floor!
   274 | D:2      | Reached skill level 3 in Unarmed Combat
   399 | D:1      | Reached XP level 3. HP: 36/36 MP: 2/2
  1226 | D:3      | Reached skill level 4 in Unarmed Combat
  1315 | D:3      | Noticed a water moccasin
  1322 | D:3      | Reached XP level 4. HP: 44/44 MP: 3/3
  1337 | D:3      | Killed a water moccasin
  1338 | D:3      | Reached skill level 5 in Unarmed Combat
  1338 | D:3      | Reached XP level 5. HP: 35/50 MP: 4/4
  1698 | D:4      | Noticed a sky beast
  1709 | D:3      | Reached skill level 6 in Unarmed Combat
  1781 | D:4      | Reached XP level 6. HP: 59/59 MP: 5/5
  1851 | D:4      | Reached skill level 7 in Unarmed Combat
  2143 | D:4      | Killed a sky beast
  2144 | D:4      | Reached skill level 8 in Unarmed Combat
  2144 | D:4      | Reached XP level 7. HP: 66/66 MP: 6/6
  2239 | D:4      | Found a shimmering blue altar of Sif Muna.
  2374 | D:5      | Entered Level 5 of the Dungeon
  2663 | D:5      | Reached skill level 9 in Unarmed Combat
  2756 | D:5      | Found a glowing golden altar of the Shining One.
  2810 | D:5      | Reached XP level 8. HP: 74/74 MP: 7/7
  3297 | D:6      | Reached skill level 10 in Unarmed Combat
  3497 | D:6      | Slain by an ogre

Illustrated notes

Levels and vault maps discovered:
D:1:      heliophobic_arrival_henge, layout_loops_ring, due_unseen_surprise
D:2:      layout_loops_ring, nicolae_wormholes
D:3:      layout_rooms
D:4:      layout_loops_ring, general_overflow_altar
D:5:      layout_loops_ring, mainiacjoe_overflow_brackets, minivault_5
D:6:      layout_basic, minmay_temple_entry_waves, serial_shops,
          nicolae_shop_industrial_runoff

Skill      XL: |  1  2  3  4  5  6  7  8 |
---------------+-------------------------+-----
Unarmed Combat | 3 4 5 6 8 9 10 | 10.0
Fighting       | 4 |  4.0
Dodging        | |  2.4
Shields        | |  2.6

Action                     |  1- 3 |  4- 6 |  7- 9 || total
---------------------------+-------+-------+-------++-------
  Melee: Unarmed           |   105 |    95 |   105 ||   305
    Use: Potion            |       |     1 |       ||     1
   Stab: Sleeping          |     2 |       |       ||     2
 Armour: Robe              |    32 |    38 |    23 ||    93
  Dodge: Dodged            |    34 |    29 |    20 ||    83
  Block: Kite shield       |    28 |    29 |    36 ||    93
